Map: Newkirk Precinct TE (Void)

Players

Dolan - Winner!

  • Race: Terran Terran
  • Spawn Location: 5:00

mLty

  • Race: Terran Terran
  • Spawn Location: 7:00

Event: WCS Austin 2017

VOD

Have the link to the VOD?

Description

Time

  • Played on: April 28, 2017, 1:35 p.m.
  • Length: 5:07

All games in this series

Show
View Real Time Build Order
Export as new Build Order

Dolan Terran - Winner!

Build Orders: Cyclone Opening, Reaper Expand 

Get SALT Encoding   

  12  0:00  SCV  
  13  0:12  SCV  
  14  0:17  Supply Depot  
  14  0:24  SCV  
  15  0:28  Refinery  
  15  0:39  SCV  
  16  0:45  Barracks  
  16  0:51  SCV  
  17  1:03  SCV  
  18  1:15  SCV  
  19  1:32  Reaper, Orbital Command  
  20  1:48  Command Center  
  20  1:58  SCV  
  21  2:02  Factory  
  21  2:07  Barracks Reactor  
  21  2:10  SCV  
  22  2:16  Supply Depot  
  22  2:29  SCV  
  23  2:30  Refinery  
  23  2:42  SCV  
  24  2:44  Marine x2  
  24  2:47  Cyclone  
  29  2:54  SCV  
  30  3:06  Marine x2  
  30  3:08  Starport  
  30  3:10  Orbital Command  
  30  3:11  SCV  
  33  3:23  SCV  
  33  3:24  Marine x2  
  36  3:30  Cyclone  
  39  3:35  Supply Depot  
  39  3:40  SCV x2  
  41  3:46  Medivac  
  43  3:49  Marine  
  43  3:50  Marine  
  45  3:56  Engineering Bay  
  45  3:59  Supply Depot  
  46  4:02  SCV  
  46  4:03  SCV  
  46  4:08  Factory Tech Lab  
  46  4:09  Marine x2  
  49  4:16  Viking  
  51  4:26  SCV x2  
  51  4:27  Supply Depot  
  53  4:39  Barracks, Barracks Tech Lab  
  53  4:40  Barracks, SCV x2  
  53  4:43  Refinery  
  58  5:03  Starport Reactor  
Show
View Real Time Build Order
Export as new Build Order

mLty Terran 

Build Orders: Reaper Expand 

Get SALT Encoding   

  12  0:00  SCV  
  13  0:12  SCV  
  14  0:19  Supply Depot  
  14  0:25  SCV  
  15  0:29  Refinery  
  15  0:40  SCV  
  16  0:46  Barracks  
  16  0:52  SCV  
  17  1:04  SCV  
  18  1:16  SCV  
  19  1:32  Orbital Command  
  19  1:34  Reaper  
  20  2:00  Command Center  
  20  2:01  SCV  
  20  2:02  Refinery  
  20  2:06  Reaper  
  22  2:10  Factory  
  22  2:13  SCV  
  23  2:26  SCV  
  23  2:33  Supply Depot  
  23  2:38  Reaper  
  23  2:39  Supply Depot  
  23  2:54  SCV  
  23  2:57  Starport  
  23  3:06  SCV  
  23  3:08  Cyclone  
  26  3:17  Barracks Tech Lab  
  26  3:19  SCV  
  27  3:31  SCV  
  31  3:48  Raven  
  30  3:49  SCV  
  30  3:52  Orbital Command  
  31  4:01  Factory Reactor, Barracks Tech Lab  
  31  4:03  Refinery  
  31  4:04  Factory Tech Lab, Barracks Reactor  
  31  4:06  SCV  
  32  4:18  SCV  
  32  4:19  SCV  
  34  4:36  Barracks  
  34  4:41  Barracks, SCV x2  
  34  4:43  Barracks, Engineering Bay  
Tags
 
Add a new tag
Caveats
  • Supply blocks, unpowered buildings, or Contaminate may cause inaccurate times.
  • Supply counts are checked every 10 seconds.